 Dungeon Crawl Stone Soup version 0.18.1-47-g9310371 (webtiles) character file.

67048 Peloso the Tortoise (level 14, -8/130 HPs)
             Began as a Minotaur Fighter on June 24, 2016.
             Was the Champion of Okawaru.
             Mangled by an ettin
             ... wielding a +0 dire flail
              (22 damage)
             ... while paralysed by a sphinx
             ... on level 12 of the Dungeon.
             The game lasted 01:11:09 (20862 turns).

Peloso the Tortoise (Minotaur Fighter)             Turns: 20862, Time: 01:11:10

Health: -8/130     AC: 30    Str: 28    XL:     14   Next: 81%
Magic:  11/15      EV:  2    Int:  8    God:    Okawaru [******]
Gold:   1426       SH:  0    Dex: 13    Spells: 0 memorised, 13 levels left

rFire  . . .     SeeInvis .     R - +2 long sword (elec)
rCold  + . .     Gourm    .     C - +4 plate armour of Vuezeasa {*Confuse +Blink rElec Str+2 Int+3}
rNeg   . . .     Faith    .     M - +1 large shield {AC+3}
rPois  .         Spirit   .     (helmet restricted)
rElec  +         Dismiss  .     w - +0 cloak
rCorr  .         Reflect  .     H - +1 pair of gloves {Str+3}
SustAt .         Harm     .     a - +0 pair of boots {run}
MR     +....                    k - amulet of regeneration
Stlth  ..........               D - ring of flight
                                d - ring of protection from cold

@: paralysed, quick, somewhat resistant to hostile enchantments, extremely
unstealthy
A: retaliatory headbutt, horns 2
a: Heroism, Finesse, Renounce Religion, Evoke Blink, Evoke Flight


You were on level 12 of the Dungeon.
You worshipped Okawaru.
Okawaru was exalted by your worship.
You were hungry.

You visited 3 branches of the dungeon, and saw 21 of its levels.
You also visited: Ice Cave and Volcano.

You collected 1504 gold pieces.
You spent 78 gold pieces at shops.

Inventory:

Hand Weapons
 g - a +4 double sword of holy wrath
 I - the +8 long sword "Beetleslayer" {antimagic, Int+2}
   (You found it on level 8 of the Dungeon)

   It disrupts the flow of magical energy around spellcasters and certain
   magical creatures (including the wielder).
   It affects your intelligence (+2).
 Q - a +4 battleaxe of flaming
 R - a +2 long sword of electrocution (weapon)
Armour
 a - a +0 pair of boots of running (worn)
 w - a +0 cloak (worn)
 x - a +2 chain mail of poison resistance
 C - the +4 plate armour of Vuezeasa (worn) {*Confuse +Blink rElec Str+2 Int+3}
   (You acquired it on level 10 of the Dungeon)

   It affects your strength (+2).
   It affects your intelligence (+3).
   It insulates you from electricity.
   It lets you blink.
   It may confuse you when you take damage.
 H - a +1 pair of gloves of strength (worn)
 M - a +1 large shield of protection (worn)
Jewellery
 d - a ring of protection from cold (left hand)
 k - an amulet of regeneration (around neck)
 t - an uncursed ring of protection from magic
 v - an uncursed ring of protection from fire
 D - a ring of flight (right hand)
 T - an uncursed ring of resist corrosion
Wands
 c - a wand of lightning (11/15)
 e - a wand of digging (6/24)
 j - a wand of polymorph (10/24)
 J - a wand of digging (5/24)
 K - a wand of digging (10/24)
Scrolls
 i - 7 scrolls of teleportation
 n - a scroll of brand weapon
 r - 4 scrolls of recharging
 s - 4 scrolls of enchant armour
 y - 2 scrolls of fear
 z - a scroll of identify
 A - 2 scrolls of remove curse
 F - 2 scrolls of magic mapping
 G - 3 scrolls of enchant weapon
 O - 5 scrolls of fog
 Y - 3 scrolls of blinking
Potions
 h - 8 potions of curing
 l - 2 potions of flight
 o - 2 potions of invisibility
 p - a potion of berserk rage
 q - 3 potions of haste
 B - 4 potions of resistance
 E - 4 potions of might
 N - 6 potions of heal wounds
 S - a potion of agility
 V - 3 potions of brilliance
Comestibles
 b - 16 fruits
 f - 7 bread rations
 m - 9 meat rations
 Z - 2 beef jerkies


   Skills:
 + Level 13.6 Fighting
 + Level 14.5 Long Blades
 + Level 4.8(5.2) Axes
   Level 2.6(4.1) Maces & Flails
 + Level 15.2 Armour
 + Level 9.1 Dodging
 + Level 1.6 Stealth
 + Level 14.7 Shields
 + Level 2.7 Invocations
 + Level 1.2 Evocations


You had 13 spell levels left.
You didn't know any spells.

Dungeon Overview and Level Annotations

Branches:
Dungeon (12/15)            Temple (1/1) D:4            Lair (8/8) D:8
 Shoals (0/4) Lair:3       Spider (0/4) Lair:5        Slime (0/6) Lair:6
    Orc (0/2) D:10

Altars:
Ashenzari
Cheibriados
Dithmenos
Elyvilon
Fedhas
Kikubaaqudgha
Nemelex Xobeh
Okawaru
Pakellas
Qazlal
Trog
Vehumet
Xom
Yredelemnul
Zin
The Shining One

Shops:
D:9 (


Innate Abilities, Weirdness & Mutations

You reflexively headbutt those who attack you in melee.
You have a pair of horns on your head.


Message History

You block the sphinx's attack. x2; The sphinx hits you but does no damage.
The sphinx mumbles some strange words.
You suddenly lose the ability to move!
Your hands slow down.
The sphinx hits you. The sphinx hits you!
The sphinx hits you but does no damage. The sphinx barely misses you.
The sphinx hits you but does no damage. x5
The ettin hits you with a dire flail!
The ettin hits you with a dire flail of crushing!
The sphinx hits you but does no damage. x2; The sphinx completely misses you.
You feel like a meek peon again. The ettin hits you with a dire flail.
The ettin hits you with a dire flail of crushing!
* * * LOW HITPOINT WARNING * * *
x2 The sphinx hits you but does no damage. x3
The sphinx casts a spell.
Something smites you!
* * * LOW HITPOINT WARNING * * *
The ettin hits you with a dire flail!!
You die...

##### ##c..# #CH#.###
#@##C..# #.##.c.#
#.####'# #.##...#
#.##)=)# ######♣♣♣
♣..#####
.....♣♣.♣♣♣♣♣♣♣♣♣.....#
.....♣.♣.♣♣...♣♣♣.....#
.....♣.♣.♣♣♣._.♣♣.....#


You could see a sphinx, a yaktaur captain and an ettin.

Vanquished Creatures
  The ghost of Kloppie the Bludgeoner, a journeyman MiBe of Trog (D:12)
  Maud (Lair:4)
  7 hydras
  A catoblepas (Lair:8)
  A deep troll shaman (Lair:8)
  6 death yaks
  A fire crab (Lair:8)
  An unseen horror (D:11)
  A hill giant (D:12)
  A lindwurm (Volcano)
  Pikel (D:6)
  A cyclops (D:12)
  An ugly thing (D:11)
  2 griffons
  2 wolf spiders (Lair:5)
  7 black mambas
  2 ice statues (IceCv)
  The ghost of loom the Destroyer, a novice DECj of Vehumet (D:6)
  3 molten gargoyles (Volcano)
  2 gargoyles
  A torpor snail (Lair:4)
  10 elephants
  21 spiny frogs
  11 komodo dragons
  Eustachio (D:6)
  A tengu conjurer (D:11)
  A polar bear (Lair:8)
  A two-headed ogre (D:11)
  2 jumping spiders (Lair:5)
  The ghost of schammes the Covered, an amateur DsFi (D:4)
  The ghost of Caphalor the Insei, an amateur DsMo of Qazlal (D:5)
  2 slime creatures (Lair:6)
  25 blink frogs
  A wraith (D:10)
  Sigmund (D:5)
  A redback (Lair:5)
  65 yaks
  A vampire (D:12)
  5 orc warriors
  6 fire elementals (Volcano)
  3 basilisks
  6 hippogriffs
  A steam dragon (Lair:7)
  19 water moccasins
  8 porcupines
  10 ice beasts
  2 sky beasts
  3 black bears
  A necrophage (D:4)
  31 wolves
  4 ogres
  A phantom (D:10)
  6 centaurs
  9 crocodiles
  A big kobold (D:12)
  Blork the orc (D:5)
  10 giant frogs
  A wyvern skeleton (D:4)
  5 scorpions
  9 killer bees (D:11)
  16 wights
  An electric eel (Lair:3)
  A giant frog zombie (D:5)
  4 crimson imps
  6 hounds
  A quasit (D:12)
  9 jellies
  A giant frog skeleton (D:12)
  8 orc priests
  Crazy Yiuf (D:5)
  11 orc wizards
  2 centaur skeletons
  A gnoll shaman (D:5)
  12 iguanas
  4 hell rats (Lair:6)
  16 worker ants
  A sheep (D:8)
  A killer bee zombie (D:5)
  A hound skeleton (D:10)
  3 worker ant zombies
  6 gnolls
  12 adders
  78 river rats
  5 shadow imps
  12 white imps (Lair:7)
  2 oozes
  2 adder skeletons
  4 worms
  A dart slug (D:1)
  7 giant geckos
  34 orcs
  10 giant cockroaches
  7 hobgoblins
  13 jackals
  2 quokkas
  4 ball pythons
  5 bats
  3 giant newts
  10 goblins
  13 kobolds
  6 rats
668 creatures vanquished.

Vanquished Creatures (others)
  3 slaves (D:6)
  A wight (D:6)
  A worker ant (D:6)
  A river rat (Lair:3)
  An orc (D:6)
  A jackal (D:6)
  2 fire vortices (Volcano)
  7 fungi
  4 plants
21 creatures vanquished.

Grand Total: 689 creatures vanquished

Notes
Turn   | Place    | Note
--------------------------------------------------------------
     0 | D:1      | Peloso the Minotaur Fighter began the quest for the Orb.
     0 | D:1      | Reached XP level 1. HP: 19/19 MP: 0/0
    75 | D:1      | Reached XP level 2. HP: 25/27 MP: 1/1
   317 | D:1      | Reached XP level 3. HP: 33/33 MP: 2/2
   327 | D:1      | Reached skill level 4 in Armour
   830 | D:2      | Reached XP level 4. HP: 41/41 MP: 3/3
   914 | D:2      | Reached skill level 1 in Dodging
  1594 | D:3      | Reached XP level 5. HP: 32/47 MP: 4/4
  1947 | D:3      | Reached skill level 5 in Shields
  1970 | D:3      | Found a bloodstained altar of Trog.
  2156 | D:4      | Noticed an ogre
  2166 | D:4      | Killed an ogre
  2166 | D:4      | Reached XP level 6. HP: 34/53 MP: 5/5
  2223 | D:4      | Reached skill level 5 in Armour
  2298 | D:4      | Found a radiant altar of Vehumet.
  2387 | D:4      | Found a staircase to the Ecumenical Temple.
  2455 | Temple   | Entered the Ecumenical Temple
  2466 | Temple   | Became a worshipper of Warmaster Okawaru
  2576 | D:4      | Noticed schammes's ghost (amateur DsFi)
  2580 | D:4      | Killed schammes's ghost
  2580 | D:4      | Reached * piety under Okawaru
  2580 | D:4      | Reached skill level 5 in Fighting
  2580 | D:4      | Reached XP level 7. HP: 61/61 MP: 6/6
  2633 | D:4      | Reached skill level 1 in Stealth
  2817 | D:4      | Found a shimmering altar of Xom.
  2915 | D:5      | Entered Level 5 of the Dungeon
  2980 | D:5      | Noticed Blork the orc
  3000 | D:5      | Killed Blork the orc
  3000 | D:5      | Reached skill level 5 in Long Blades
  3000 | D:5      | Reached XP level 8. HP: 67/67 MP: 7/7
  3040 | D:5      | Found an oddly glowing altar of Pakellas.
  3166 | D:5      | Noticed Caphalor's ghost (amateur DsMo)
  3171 | D:5      | Noticed Sigmund
  3175 | D:5      | Killed Sigmund
  3175 | D:5      | Reached skill level 6 in Armour
  3189 | D:5      | Killed Caphalor's ghost
  3189 | D:5      | Reached ** piety under Okawaru
  3189 | D:5      | Reached skill level 5 in Dodging
  3309 | D:5      | Found a shadowy altar of Dithmenos.
  3718 | D:5      | Noticed Crazy Yiuf
  3723 | D:5      | Killed Crazy Yiuf
  3729 | D:5      | Got a slimy mace
  3730 | D:5      | Identified the cursed +1 mace of Xeicvosmoc {freeze, +Inv rF+ MP+9 Dex-2} (You found it on level 5 of the Dungeon)
  3822 | D:6      | Noticed Pikel
  3841 | D:6      | Noticed Eustachio
  3841 | D:6      | Killed Pikel
  3841 | D:6      | Reached skill level 7 in Armour
  3841 | D:6      | Reached XP level 9. HP: 18/77 MP: 8/8
  3958 | D:6      | Killed Eustachio
  3999 | D:6      | Noticed loom's ghost (novice DECj)
  4003 | D:6      | Reached *** piety under Okawaru
  4035 | D:6      | Killed loom's ghost
  4058 | D:6      | Reached skill level 1 in Maces & Flails
  4345 | D:6      | Lost intelligence.
  4584 | D:6      | Reached skill level 8 in Armour
  4627 | D:6      | Found a white marble altar of Elyvilon.
  4627 | D:6      | Found a glowing silver altar of Zin.
  4631 | D:6      | Found a glowing golden altar of the Shining One.
  4868 | D:6      | Found a shattered altar of Ashenzari.
  5292 | D:7      | Found a stormy altar of Qazlal.
  5292 | D:7      | Found a blossoming altar of Fedhas.
  5723 | D:8      | Got an iridescent long sword
  5724 | D:8      | Identified the +8 long sword "Beetleslayer" {antimagic, Int+2} (You found it on level 8 of the Dungeon)
  5877 | D:8      | Reached XP level 10. HP: 84/85 MP: 3/9
  5989 | D:8      | Found a basalt altar of Yredelemnul.
  5989 | D:8      | Found a snail-covered altar of Cheibriados.
  6253 | D:8      | Noticed an elephant
  6294 | D:8      | Reached **** piety under Okawaru
  6294 | D:8      | Reached skill level 10 in Shields
  6302 | D:8      | Killed an elephant
  6302 | D:8      | Reached skill level 9 in Armour
  6305 | D:8      | Found a staircase to the Lair.
  6976 | D:9      | Found Ijuodoo's Antique Weapon Boutique.
  6981 | D:9      | Bought a glowing falchion for 78 gold pieces
  7135 | D:9      | Found a sparkling altar of Nemelex Xobeh.
  7352 | D:10     | Entered Level 10 of the Dungeon
  7617 | D:10     | Identified a scroll of acquirement
  7620 | D:10     | Got a dazzling plate armour
  7631 | D:10     | Identified the +4 plate armour of Vuezeasa {*Confuse +Blink rElec Str+2 Int+3} (You acquired it on level 10 of the Dungeon)
  7773 | D:10     | Found a staircase to the Orcish Mines.
  7969 | D:11     | Reached ***** piety under Okawaru
  8134 | Lair:1   | Entered Level 1 of the Lair of Beasts
  8553 | Lair:1   | Reached skill level 10 in Armour
  8556 | Lair:1   | Reached XP level 11. HP: 94/94 MP: 10/10
  9030 | Lair:2   | Received a gift from Okawaru
  9077 | Lair:2   | Identified a +0 pair of boots of running (Okawaru gifted it to you on level 2 of the Lair of Beasts)
  9120 | Lair:2   | Found a dark tunnel.
  9166 | Volcano  | Entered a volcano
  9516 | Volcano  | Noticed a lindwurm
  9539 | Volcano  | Killed a lindwurm
  9787 | Lair:2   | Reached skill level 11 in Armour
  9956 | Lair:2   | Reached skill level 10 in Long Blades
  9989 | Lair:2   | Noticed a seven-headed hydra
 10143 | Lair:2   | Reached skill level 10 in Fighting
 10258 | Lair:2   | Reached XP level 12. HP: 88/106 MP: 11/11
 10535 | Lair:2   | Reached skill level 1 in Axes
 10622 | Lair:3   | Noticed a five-headed hydra
 10690 | Lair:2   | Killed a one-headed hydra
 10964 | Lair:3   | Noticed a five-headed hydra
 10975 | Lair:2   | Killed a one-headed hydra
 10975 | Lair:2   | Reached skill level 12 in Armour
 10976 | Lair:2   | Received a gift from Okawaru
 11140 | Lair:3   | Found a staircase to the Shoals.
 11230 | Lair:3   | Noticed a six-headed hydra
 11240 | Lair:3   | Killed a three-headed hydra
 11248 | Lair:3   | Killed a one-headed hydra
 11574 | Lair:3   | Received a gift from Okawaru
 11614 | Lair:3   | Reached skill level 13 in Armour
 12328 | Lair:3   | Reached skill level 1 in Invocations
 12334 | Lair:3   | Reached ****** piety under Okawaru
 12584 | Lair:4   | Noticed a death yak
 12584 | Lair:4   | Noticed a death yak
 12589 | Lair:4   | Received a gift from Okawaru
 12916 | Lair:4   | Killed a death yak
 12926 | Lair:4   | Killed a death yak
 12926 | Lair:4   | Reached XP level 13. HP: 111/117 MP: 10/12
 12953 | Lair:4   | Reached skill level 1 in Evocations
 13123 | Lair:4   | Noticed Maud
 13142 | Lair:4   | Killed Maud
 13561 | Lair:5   | Found a shimmering altar of Xom.
 13696 | Lair:5   | Reached skill level 14 in Armour
 14246 | Lair:5   | Found a hole to the Spider Nest.
 14519 | Lair:6   | Found a staircase to the Slime Pits.
 14645 | Lair:6   | Received a gift from Okawaru
 15591 | Lair:7   | Received a gift from Okawaru
 15737 | Lair:7   | Found a frozen archway.
 15749 | IceCv    | Entered an ice cave
 16715 | Lair:6   | Reached XP level 14. HP: 125/129 MP: 14/14
 16964 | Lair:8   | Entered Level 8 of the Lair of Beasts
 17674 | Lair:8   | Received a gift from Okawaru
 17733 | Lair:8   | Reached skill level 15 in Armour
 18323 | Lair:8   | Received a gift from Okawaru
 20095 | D:12     | Noticed Kloppie's ghost (journeyman MiBe)
 20119 | D:12     | Killed Kloppie's ghost
 20605 | D:12     | Found a blossoming altar of Fedhas.
 20710 | D:12     | Found a runed door.
 20710 | D:12     | Noticed a sphinx
 20855 | D:12     | Paralysed by a sphinx for 7 turns
 20862 | D:12     | Mangled by an ettin

Skill      XL: |  1  2  3  4  5  6  7  8  9 10 11 12 13 14 |
---------------+-------------------------------------------+-----
Fighting       | 4 5 6 7 8 10 11 13 | 13.6
Shields        | 4 5 6 7 8 9 11 12 13 14 | 14.7
Armour         | 4 5 7 8 10 11 13 14 15 | 15.2
Long Blades    | 3 4 5 6 8 10 11 13 14 | 14.5
Dodging        | 1 2 3 4 6 7 8 9 |  9.1
Stealth        | 1 |  1.6
Maces & Flails | 2 |  2.6
Axes           | 4 |  4.8
Invocations    | 1 2 |  2.7
Evocations     | 1 |  1.2

Action                   |  1- 3 |  4- 6 |  7- 9 | 10-12 | 13-15 || total
-------------------------+-------+-------+-------+-------+-------++-------
Melee: Long sword        |   108 |   201 |   248 |   643 |   908 ||  2108
       Headbutt          |    11 |    23 |    80 |   164 |   254 ||   532
       Mace              |       |       |   183 |       |       ||   183
       Battleaxe         |       |       |       |    62 |    13 ||    75
       Punch             |       |       |       |     1 |       ||     1
Invok: Heroism           |       |       |     2 |     8 |     9 ||    19
       Finesse           |       |       |       |       |     4 ||     4
 Abil: Evoke Flight      |       |       |       |     1 |       ||     1
       Evoke Blink       |       |       |       |     2 |       ||     2
Evoke: Wand              |       |       |       |       |     1 ||     1
  Use: Scroll            |     4 |     7 |     6 |    15 |    12 ||    44
       Potion            |       |     1 |       |     1 |     2 ||     4
 Stab: Petrified         |       |       |       |       |     1 ||     1
  Eat: Chunk             |       |     6 |    11 |    20 |    24 ||    61
       Pizza             |       |       |     1 |       |     1 ||     2
       Royal jelly       |       |       |       |     1 |       ||     1
       Beef jerky        |       |       |       |       |     1 ||     1
Armor: Scale mail        |    55 |   114 |   121 |       |       ||   290
       Plate armour      |       |       |    59 |   528 |   570 ||  1157
Dodge: Dodged            |    41 |    74 |   187 |   451 |   444 ||  1197
Block: Shield            |    74 |   132 |   318 |   240 |       ||   764
       Large shield      |       |       |       |       |   681 ||   681
